 Dungeon Crawl Stone Soup version 0.27-a0-1529-g1e82c303ef (webtiles) character file.

Game seed: 18282392407111930784

3892 Lanoc the Arsonist (level 10, -5/84 HPs)
             Began as a Red Draconian Ice Elementalist on July 11, 2021.
             Was an Elder of Zin.
             Slain by a two-headed ogre (19 damage)
             ... on level 9 of the Dungeon.
             The game lasted 00:17:08 (10643 turns).

Lanoc the Arsonist (DrIE)                          Turns: 10643, Time: 00:17:09

Health: -5/84      AC:  9    Str: 11    XL:     10   Next: 0%
Magic:  7/13       EV: 14    Int: 18    God:    Zin [****..]
Gold:   370        SH:  0    Dex: 12    Spells: 4/13 levels left

rFire    + + .     SeeInvis +   a - staff of fire
rCold    . . .     Faith    .   (no shield)
rNeg     . . .     Spirit   .   (armour unavailable)
rPois    .         Reflect  .   (helmet restricted)
rElec    .         Harm     .   e - +1 cloak {rCorr}
rCorr    +         Rampage  .   (no gloves)
Will     .....                  (no boots)
Stlth    ++........             j - amulet of the acrobat
HPRegen  0.24/turn              n - +4 ring of slaying
MPRegen  0.13/turn              s - ring of see invisible

@: short of breath, freezing walls
A: breathe fire, AC +7, unfitting armour, fire resistance 1, cold-blooded, claws
1
a: Breathe Fire, Renounce Religion, Recite, Vitalisation, Imprison, Donate Gold


You were on level 9 of the Dungeon.
You worshipped Zin.
Zin was greatly pleased with you.
You visited 2 branches of the dungeon, and saw 10 of its levels.
You also visited: Sewer.

You collected 411 gold pieces.
You donated 41 gold pieces to Zin.

Inventory:

Missiles
 o - 6 atropa-tipped darts (quivered)
Armour
 e - a +1 cloak of preservation (worn)
Magical Staves
 a - a staff of fire (weapon)
Jewellery
 j - an amulet of the acrobat (around neck)
 n - a +4 ring of slaying (left claw)
 s - a ring of see invisible (right claw)
Wands
 h - a wand of mindburst (6)
 p - a wand of paralysis (9)
 t - a wand of digging (5)
 x - a wand of iceblast (5)
Scrolls
 b - 7 scrolls of identify {unknown}
 c - 2 scrolls of blinking {unknown}
 d - 3 scrolls of amnesia {unknown}
 f - 6 scrolls of teleportation {unknown}
 k - 2 scrolls of magic mapping {unknown}
 l - a scroll of enchant armour {unknown}
 m - a scroll of vulnerability {unknown}
Potions
 g - a potion of magic
 i - a potion of brilliance
 q - a potion of curing
 r - a potion of invisibility
 u - 2 potions of might {unknown}
 v - a potion of cancellation {unknown}
 w - a potion of flight {unknown}
 z - a potion of lignification {unknown}


   Skills:
 + Level 6.4 Fighting
 + Level 5.8 Dodging
 - Level 1.7 Stealth
 - Level 2.0 Spellcasting
 * Level 8.9 Fire Magic
 - Level 7.0 Ice Magic
 - Level 5.0 Invocations


You had 4 spell levels left.
You knew the following spells:

 Your Spells              Type           Power      Damage    Failure   Level
a - Freeze                Ice            100%       1d11      1%          1
b - Frozen Ramparts       Ice            54%        1d7       3%          3
c - Bolt of Magma         Conj/Fire/Erth 9%         4d7       83%         5

Your spell library contained the following spells:

 Spells                   Type           Power      Damage    Failure   Level
 Ozocubu's Armour         Ice            27%        N/A       3%          3
 Poisonous Vapours        Pois/Air       2%         N/A       26%         2
 Slow                     Hex            1%         N/A       26%         2
 Hailstorm                Conj/Ice       14%        3d5       38%         4
 Confusing Touch          Hex            1%         N/A       47%         3
 Mephitic Cloud           Conj/Pois/Air  1%         N/A       47%         3
 Tukima's Dance           Hex            1%         N/A       47%         3
 Vampiric Draining        Necr           0%         2d6       47%         3
 Airstrike                Air            0%         N/A       87%         4
 Leda's Liquefaction      Hex/Erth       0%         N/A       87%         4
 Passage of Golubria      Tloc           N/A        N/A       87%         4
 Summon Lightning Spire   Summ/Air       1%         N/A       87%         4
 Freezing Cloud           Conj/Ice/Air   5%         6-21      88%         5
 Alistair's Intoxication  Tmut/Pois      0%         N/A       99%         5
 Lightning Bolt           Conj/Air       0%         1d11      99%         5
 Yara's Violent Unravell  Hex/Tmut       0%         3d3       99%         5
 Statue Form              Tmut/Erth      0%         N/A       100%        6
 Fire Storm               Conj/Fire      13%        8d3       100%        9


Dungeon Overview and Level Annotations

Branches:
Dungeon (9/15)             Temple (1/1) D:5           Sewer (visited)
   Lair: D:8-11         Orc: D:9-12

Altars:
Ashenzari
Dithmenos
Elyvilon
Gozag
Hepliaklqana
Kikubaaqudgha
Nemelex Xobeh
Sif Muna
Yredelemnul
Zin


Innate Abilities, Weirdness & Mutations

You can breathe blasts of fire.
Your fiery red scales are hard. (AC +7)
You cannot fit into any form of body armour.
Your flesh is heat resistant. (rF+)
You are cold-blooded and may be slowed by cold attacks.
You have sharp fingernails.


Message History

The wall freezes the two-headed ogre.
The two-headed ogre hits you with a +0 giant club!
The two-headed ogre hits you with a +0 giant club.
The killer bee moves out of view.
The killer bee buzzes angrily.
You hit the two-headed ogre but do no damage.
The two-headed ogre is heavily wounded.
The wall freezes the two-headed ogre.
The two-headed ogre hits you with a +0 giant club!!
The two-headed ogre misses you.
You hit the two-headed ogre but do no damage.
The two-headed ogre is heavily wounded.
A killer bee comes into view.
The wall freezes the killer bee.
A killer bee comes into view.
The wall freezes the killer bee.
The wall freezes the two-headed ogre.
The two-headed ogre hits you with a +0 giant club! x2
* * * LOW HITPOINT WARNING * * *
Casting: Frozen Ramparts (dangerous; 3% risk of failure)
Confirm with . or Enter, or press ? or * to list all spells.
Aiming: Freeze (safe; 1% risk of failure)
Press: ? - help, Shift-Dir - straight line, f - killer bee
Aim: a killer bee (moderately wounded)
You freeze the killer bee!
The killer bee is severely wounded.
The killer bee buzzes angrily. x2
The wall freezes the killer bee.
The killer bee closely misses you.
The wall freezes the killer bee. x2
You kill the killer bee!
You have reached level 10!
Casting: Freeze (safe; 1% risk of failure)
Confirm with . or Enter, or press ? or * to list all spells.
Aiming: Freeze (safe; 1% risk of failure)
Press: ? - help, Shift-Dir - straight line, f - two-headed ogre
Aim: a two-headed ogre, wielding two +0 giant clubs (severely wounded)
You freeze the two-headed ogre!
The two-headed ogre is severely wounded.
The wall freezes the killer bee.
The wall freezes the two-headed ogre.
The two-headed ogre hits you with a +0 giant club!!
You die...

... ##.### #..... .. ##.#.
..... #.# #... #...# #..
##..# ##.y.# #.## ##....
#. .y# ##..###.##..
#.##.### #......####.
##..#.y#.#####...## #
##...[.@##.#.##..## #
.#......O###.......###
...........###........# #
.#........................
......................##..
#....................## ##
#.....................# #.
.#....................###.
..#.....#$...............


You could see a two-headed ogre and 3 killer bees.

Vanquished Creatures
  Pikel (D:7)
  Maggie (D:6)
  A human (D:3)
  Eustachio (D:4)
  2 steam dragons
  Duvessa (D:4)
  A water moccasin (D:7)
  A necrophage (D:6)
  2 orc warriors
  An ogre (D:4)
  3 centaurs
  A kobold brigand (D:6)
  A bullfrog (D:6)
  3 scorpions
  Dowan (D:4)
  A killer bee (D:9)
  10 wights (D:6)
  2 howler monkeys (D:7)
  A bullfrog zombie (D:6)
  A gnoll shaman (D:7)
  2 orc priests
  2 bullfrog skeletons (D:6)
  Crazy Yiuf (D:2)
  2 hounds
  A jelly (D:7)
  An iguana (D:6)
  8 orc wizards
  2 killer bee zombies
  10 gnolls
  16 adders
  An ufetubus (D:4)
  2 adder skeletons (D:4)
  A worm (D:6)
  5 dart slugs
  35 orcs
  7 endoplasms
  5 giant cockroaches
  13 hobgoblins
  5 jackals (Sewer)
  3 quokkas
  8 ball pythons
  5 bats
  3 frilled lizards
  4 goblins
  24 kobolds
  5 rats
  A spectral hobgoblin (D:2)
208 creatures vanquished.

Vanquished Creatures (others)
  12 plants (Sewer)
12 creatures vanquished.

Grand Total: 220 creatures vanquished

Notes
Turn   | Place    | Note
-------+----------+-------------------------------------------
     0 | D:1      | Lanoc the Draconian Ice Elementalist began the quest for
                  | the Orb.
     0 | D:1      | Reached XP level 1. HP: 14/14 MP: 3/3
   400 | D:1      | Reached XP level 2. HP: 17/20 MP: 0/5
  1005 | D:1      | Reached skill level 5 in Ice Magic
  1005 | D:1      | Reached XP level 3. HP: 13/26 MP: 1/6
  1009 | D:1      | Learned a level 3 spell: Frozen Ramparts
  1579 | D:2      | Reached XP level 4. HP: 19/33 MP: 2/7
  2051 | D:2      | Found a runed translucent door.
  2052 | D:2      | Noticed Crazy Yiuf
  2201 | D:2      | Found a faded altar of an unknown god.
  2218 | D:2      | Became a worshipper of Zin the Law-Giver
  2218 | D:2      | Reached * piety under Zin
  2504 | D:2      | Killed Crazy Yiuf
  2690 | D:3      | Reached XP level 5. HP: 37/38 MP: 4/8
  2724 | D:3      | Found a hazy altar of Hepliaklqana.
  2740 | D:3      | Found a runed translucent door.
  2740 | D:3      | Noticed a human
  2819 | D:3      | Found a basalt altar of Yredelemnul.
  2822 | D:3      | Reached ** piety under Zin
  3381 | D:4      | Noticed Dowan
  3395 | D:4      | Noticed Duvessa
  3399 | D:4      | Killed Dowan
  3490 | D:3      | Killed a human
  3491 | D:3      | Reached XP level 6. HP: 40/45 MP: 2/9
  3541 | D:4      | Killed Duvessa
  3761 | D:4      | Your scales start taking on a fiery red colour.
  3761 | D:4      | Reached XP level 7. HP: 49/50 MP: 6/10
  3761 | D:4      | Gained mutation: Your flesh is heat resistant. (rF+) [Red
                  | Draconian growth]
  3780 | D:4      | Reached skill level 1 in Fighting
  3967 | D:4      | Found a white marble altar of Elyvilon.
  4043 | D:4      | Found a broken altar of Ashenzari.
  4045 | D:4      | Found an opulent altar of Gozag.
  4129 | D:4      | Reached skill level 1 in Invocations
  4680 | D:4      | Noticed Eustachio
  4698 | D:4      | Killed Eustachio
  4707 | D:4      | Got the Guide on the Cankerous Volcanoes
  4842 | D:5      | Entered Level 5 of the Dungeon
  5043 | D:5      | Reached XP level 8. HP: 27/62 MP: 7/11
  5448 | D:5      | Found a staircase to the Ecumenical Temple.
  5523 | Temple   | Entered the Ecumenical Temple
  5639 | D:5      | Learned a level 5 spell: Bolt of Magma
  5734 | D:5      | Reached skill level 1 in Fire Magic
  6206 | D:6      | Reached skill level 2 in Fire Magic
  6231 | D:6      | Reached skill level 3 in Fire Magic
  6231 | D:6      | Zin protects you from harm!
  6232 | D:6      | Reached skill level 5 in Invocations
  6233 | D:6      | Gained mutation: You have sharp fingernails. [potion of
                  | mutation]
  6244 | D:6      | Reached skill level 4 in Fire Magic
  6259 | D:6      | Found a glowing drain.
  6277 | D:6      | Noticed Maggie
  6301 | D:6      | Killed Maggie
  6302 | D:6      | Reached skill level 5 in Fire Magic
  6302 | D:6      | Reached XP level 9. HP: 38/72 MP: 7/12
  6522 | Sewer    | Entered a sewer
  7488 | D:6      | Found a shadowy altar of Dithmenos.
  7802 | D:6      | Reached skill level 5 in Fighting
  7802 | D:6      | Reached skill level 6 in Fire Magic
  8197 | D:6      | Reached *** piety under Zin
  8417 | D:7      | Found an ancient bone altar of Kikubaaqudgha.
  8639 | D:7      | Reached skill level 5 in Dodging
  8639 | D:7      | Reached skill level 7 in Fire Magic
  9254 | D:7      | Noticed Pikel
  9259 | D:7      | Killed Pikel
  9260 | D:7      | Reached skill level 8 in Fire Magic
  9784 | D:8      | Found a shimmering blue altar of Sif Muna.
  9795 | D:8      | Found a sparkling altar of Nemelex Xobeh.
  9993 | D:8      | Reached **** piety under Zin
 10631 | D:9      | Noticed a two-headed ogre
 10643 | D:9      | Reached XP level 10. HP: 14/84 MP: 8/13
 10643 | D:9      | Slain by a two-headed ogre

Illustrated notes

Levels and vault maps discovered:
D:1:      dpeg_arrival_arbitrary_a, layout_loops_ring
D:2:      layout_loops_cross, dreamdust_ecumenical_altar_drowned_temple,
          minmay_misc_feat_hallway, uniq_crazy_yiuf_cottage
D:3:      layout_basic, mainiacjoe_overflow_concentric_impassable,
          dk_yredelemnul_ordeal
D:4:      minmay_octagon_keep, layout_cave_pools,
          chequers_temple_overflow_statue_of_worship, marbit_many_paths,
          minmay_misc_feat_pillars, uniq_duvessa, uniq_eustachio
D:5:      layout_layer_cave, minmay_temple_entry_arrows
D:6:      layout_loops_corners, nicolae_dithmenos_shadow_blocks,
          portal_sewer_entry_a, uniq_maggie
D:7:      layout_loops_ring, mainiacjoe_overflow_small_starburst, uniq_pikel
D:8:      layout_gridville, mainiacjoe_overflow_swirl
D:9:      layout_layer_cave, uniq_harold
Temple:   minmay_temple_bridge_abc

Skill      XL: |  1  2  3  4  5  6  7  8  9 |
---------------+----------------------------+-----
Ice Magic      | 5 6 7 7 |  7.0
Dodging        | 3 4 5 |  5.8
Fighting       | 2 4 6 |  6.4
Invocations    | 3 5 |  5.0
Fire Magic     | 5 8 |  8.9
Stealth        | |  1.7
Spellcasting   | |  2.0

Action                   |  1- 3 |  4- 6 |  7- 9 | 10-12 || total
-------------------------+-------+-------+-------+-------++-------
Melee: Unarmed           |    24 |    37 |    14 |       ||    75
       Short sword       |       |     4 |       |       ||     4
       Tailslap          |       |     6 |    18 |       ||    24
       Hand axe          |       |       |   158 |       ||   158
       Staff             |       |       |    44 |       ||    44
Throw: Dart              |       |       |     2 |       ||     2
 Cast: Freeze            |    40 |    22 |     6 |     1 ||    69
       Frozen Ramparts   |       |    19 |    54 |       ||    73
Invok: Recite            |       |     1 |     3 |       ||     4
 Abil: Breathe Fire      |       |       |    15 |       ||    15
  Use: Potion            |       |       |     8 |       ||     8
 Stab: Sleeping          |       |     1 |     2 |       ||     3
Armor: Skin              |    14 |    14 |   101 |       ||   129
Dodge: Dodged            |    37 |    63 |   259 |       ||   359

Table legend: (Time is in decaauts)
 A = Elapsed time spent in this place.
 B = Non-inter-level travel time spent in this place.
 C = Inter-level travel time spent in this place.
 D = Time resting spent in this place.
 E = Time spent auto-exploring this place.
 F = Levels seen in this place.
 G = Mean time per level.
                   A        B        C        D        E       F      G
               +--------+--------+--------+--------+--------+-----+--------+
         Total |  10866 |  10546 |    320 |     75 |   8882 |  11 |  987.8 |
       Dungeon |   9764 |   9444 |    320 |     75 |   8138 |   9 | 1084.9 |
        Temple |      4 |      4 |      0 |      0 |      0 |   1 |    4.0 |
         Sewer |   1098 |   1098 |      0 |      0 |    743 |   1 | 1098.0 |
               +--------+--------+--------+--------+--------+-----+--------+

Top non-repeatable levels by time:
     D:1: 1386 daAuts
     D:5: 1352 daAuts
     D:4: 1295 daAuts
     D:6: 1279 daAuts
     D:2: 1231 daAuts
   Sewer: 1098 daAuts
     D:8: 1079 daAuts
     D:7: 1019 daAuts
     D:3: 939 daAuts
     D:9: 180 daAuts
  Temple: 4 daAuts
